AoeStats
← ogipochi_

Coastal Forest

503592740Analyzed
4v4 RM · 1mo ago on Sep 1, 2026· 47m 41s· 8 players
Game mode
Random Map
Map size
Large (8 player)
Population
200
Speed
Normal
Resources
Standard
Victory
Conquest
Starting age
Dark Age
Ending age
Imperial Age
RankedLock teamsTeams togetherTeam positionsShared explorationLock speedFull tech treeHidden civsTurbo modeCheats
Victory
Defeat
🇷🇺 Chinese · Russia
858
+19
🇯🇵 Wei · Japan
850
+20
🇨🇳 Persians · China
827
+21
🇨🇳 Italians · China
803
+22
🇹🇷 Cumans · Türkiye
989
-23
🇨🇳 Hindustanis · China
978
-22
🇪🇸 Chinese · Spain
974
-22
🇨🇳 Teutons · China
800
-14
ogipochi_
9:38 Loom
11:37 Feudal Age
12:14 Double-Bit Axe
12:10 Horse Collar
12:21 Gold Mining
12:22 Stone Mining
12:20 Town Watch
15:06 Wheelbarrow
14:17 Town Watch
19:41 Castle Age
17:34 Fishing Lines
18:27 Forging
19:02 Scale Barding Armor
21:13 Bloodlines
21:03 Husbandry
22:18 Bow Saw
25:26 Iron Casting
25:24 Chain Barding Armor
28:23 Hand Cart
29:37 Town Patrol
29:55 Caravan
33:59 Imperial Age
33:11 Squires
32:56 Arson
32:33 Man-at-Arms
33:47 Scale Mail Armor
34:08 Tuntian
34:20 Heavy Plow
34:59 Gold Shaft Mining
35:01 Stone Shaft Mining
36:07 Conscription
36:15 Ming Guang Armor
35:12 Elite Tiger Cavalry
35:15 Heavy Hei Guang Cavalry
38:46 Blast Furnace
38:01 Chain Mail Armor
38:06 Long Swordsman
38:59 Two-Handed Swordsman
43:02 Chemistry
42:23 Ballistics
铁蹄铮铮
11:42 Feudal Age
12:56 Double-Bit Axe
15:50 Castle Age
16:58 Bow Saw
17:15 Horse Collar
19:42 Stone Mining
21:46 Heavy Plow
23:19 Wheelbarrow
22:43 Gold Mining
24:36 Hand Cart
25:56 Gold Shaft Mining
27:37 Fletching
27:49 Padded Archer Armor
31:18 Forging
31:14 Scale Barding Armor
35:36 Imperial Age
34:15 Stone Shaft Mining
35:32 Iron Casting
35:17 Chain Barding Armor
34:53 Bodkin Arrow
36:15 Conscription
35:15 Elite War Elephant
37:17 Crop Rotation
37:54 Two-Man Saw
38:09 Thumb Ring
37:25 Crossbowman
40:45 Blast Furnace
40:22 Plate Barding Armor
40:02 Leather Archer Armor
42:35 Kamandaran
45:37 Ring Archer Armor
47:34 Ballistics
JiFa
10:53 Feudal Age
10:10 Loom
11:29 Double-Bit Axe
12:52 Horse Collar
20:22 Castle Age
18:18 Stone Mining
18:45 Gold Mining
19:22 Scale Mail Armor
21:36 Bow Saw
21:29 Heavy Plow
21:53 Squires
21:38 Arson
25:02 Pikeman
25:47 Padded Archer Armor
26:28 Stone Shaft Mining
30:20 Imperial Age
28:39 Leather Archer Armor
28:35 Forging
28:40 Chain Mail Armor
31:27 Iron Casting
31:07 Chain Mail Armor
32:36 Chemistry
33:33 Blast Furnace
35:33 Pirotechnia
37:41 Murder Holes
41:14 Elite Genoese Crossbowman
East is Red
14:36 Feudal Age
15:38 Double-Bit Axe
19:32 Castle Age
17:47 Horse Collar
20:25 Wheelbarrow
20:58 Bow Saw
23:10 Arson
24:21 Gold Mining
24:23 Stone Mining
25:26 Scale Mail Armor
25:37 Forging
31:13 Gold Shaft Mining
31:15 Stone Shaft Mining
31:00 Chain Mail Armor
31:22 Iron Casting
34:06 Hand Cart
36:21 Imperial Age
38:56 Conscription
38:48 Elite Fire Lancer
46:06 Plate Mail Armor
46:37 Blast Furnace
gabrissss
9:04 Loom
11:34 Feudal Age
19:15 Castle Age
18:37 Double-Bit Axe
18:37 Horse Collar
18:52 Stone Mining
21:42 Medium Warships
23:56 Gold Mining
25:46 Padded Archer Armor
25:37 Fletching
27:28 Wheelbarrow
27:38 Bodkin Arrow
29:10 Murder Holes
29:36 Ballistics
29:35 Leather Archer Armor
29:36 Heavy Plow
31:04 Pikeman
31:45 Squires
34:17 Scale Mail Armor
34:27 Forging
38:51 Imperial Age
37:36 Fortified Wall
37:50 Chain Mail Armor
40:18 Bracer
40:48 Ring Archer Armor
40:08 Halberdier
43:11 Chemistry
42:47 Ring Archer Armor
42:29 Forging
43:04 Elite Fire Lancer
Canyu
2:55 Loom
10:49 Feudal Age
14:51 Castle Age
13:07 Double-Bit Axe
13:51 Loom
17:25 Bow Saw
19:59 Horse Collar
24:04 Wheelbarrow
23:24 Gold Mining
23:36 Stone Mining
25:54 Gold Shaft Mining
25:57 Hand Cart
26:52 Stone Shaft Mining
32:52 Imperial Age
31:01 Murder Holes
31:27 Ballistics
31:12 Town Watch
31:46 Forging
31:42 Scale Barding Armor
31:29 Fletching
32:07 Town Patrol
34:00 Herbal Medicine
34:31 Husbandry
34:42 Bloodlines
33:53 Heavy Camel Rider
36:28 Conscription
36:09 Shatagni
36:10 Grand Trunk Road
36:13 Shatagni
37:01 Iron Casting
36:47 Chain Barding Armor
36:22 Bodkin Arrow
36:28 Padded Archer Armor
38:09 Two-Man Saw
37:14 Imperial Camel Rider
39:11 Blast Furnace
39:17 Chemistry
38:23 Siege Engineers
38:29 Masonry
41:10 Plate Barding Armor
40:36 Bracer
40:51 Leather Archer Armor
42:49 Scale Mail Armor
45:32 Elite Skirmisher
46:20 Thumb Ring
CoskunKaya
1:38 Loom
2:04 Loom
9:45 Feudal Age
11:06 Town Watch
18:02 Horse Collar
18:12 Gold Mining
20:36 Wheelbarrow
24:21 Castle Age
22:20 Double-Bit Axe
22:27 Stone Mining
23:20 Bloodlines
23:04 Fletching
24:15 Padded Archer Armor
25:32 Bow Saw
25:23 Heavy Plow
25:59 Gold Shaft Mining
25:41 Leather Archer Armor
25:54 Bodkin Arrow
26:25 Leather Archer Armor
28:40 Ballistics
28:29 Murder Holes
28:48 Murder Holes
29:06 Masonry
29:16 Ballistics
34:08 Imperial Age
33:42 Hand Cart
36:22 Chemistry
36:37 Conscription
36:19 Cuman Mercenaries
36:52 Ring Archer Armor
37:30 Parthian Tactics
37:11 Thumb Ring
38:09 Crop Rotation
38:39 Two-Man Saw
39:38 Hoardings
38:45 Elite Kipchak
Ehco
2:29 Loom
11:35 Feudal Age
16:00 Castle Age
14:26 Double-Bit Axe
16:27 Wheelbarrow
28:42 Caravan
29:33 Hand Cart
31:01 Gold Mining
31:01 Stone Mining
34:09 Imperial Age
31:09 Pikeman
31:50 Squires
32:31 Bow Saw
34:23 Forging
34:19 Scale Barding Armor
35:52 Elite Teutonic Knight
36:57 Crenellations
36:57 Conscription
38:13 Conscription
38:29 Hoardings
38:15 Ironclad
38:33 Iron Casting
38:18 Chain Barding Armor
37:49 Fletching
38:42 Heavy Scorpion
39:47 Crenellations
40:32 Blast Furnace
40:42 Chemistry
39:49 Siege Engineers
39:55 Fortified Wall
39:56 Masonry
41:02 Two-Man Saw
40:21 Padded Archer Armor
40:57 Plate Barding Armor
40:22 Scale Mail Armor
40:09 Horse Collar
41:34 Bloodlines
40:45 Cavalier
41:40 Heated Shot
42:10 Ballistics
42:40 Ironclad
42:40 Crenellations
43:06 Town Watch
43:18 Bodkin Arrow
42:48 Paladin
44:02 Halberdier
Connection lost

Rejoining the realm…

Still unreachable

The connection could not be restored.

Session expired

The server has moved on; the page needs a fresh start.